PBL
CALGARY FLAMES @ AMERICUS BRAVES
09/29/2047
 
TOP OF THE 1ST
Calgary Flames batting - Pitching for Americus Braves : RHP Pu-la Yun
Pitching: RHP Pu-la Yun
Batting: RHB Elias Vences 0-0: Foul Ball, location: 2F
0-1: Ball
1-1: Swinging Strike
1-2: Foul Ball, location: 2F
1-2: Strikes out swinging
Batting: RHB Norinaga Yamakawakamatsu 0-0: Ball
1-0: Called Strike
1-1: Swinging Strike
1-2: Strikes out swinging
Batting: RHB Victor Contreras 0-0: Foul Ball, location: 2F
0-1: Swinging Strike
0-2: DOUBLE (Line Drive, 7LM, EV 111.2 MPH)
Batting: SHB Yu-hsui Lew 0-0: Ball
1-0: Foul Ball, location: 2F
1-1: Ground out U3 (Groundball, 3L, EV 83.8 MPH)
Top of the 1st over - 0 runs, 1 hit, 0 errors, 1 left on base; Calgary 0 - Americus 0
BOTTOM OF THE 1ST
Americus Braves batting - Pitching for Calgary Flames : LHP Bill Hussey
Pitching: LHP Bill Hussey
Batting: RHB Alex Guerra 0-0: Called Strike
0-1: Called Strike
0-2: Strikes out looking
Batting: LHB Ivan Castillo 0-0: Foul Ball, location: 2F
0-1: Swinging Strike
0-2: Strikes out swinging
Batting: RHB Ricardo Joya 0-0: Fly out, F8 (Flyball, 8LM, EV 83.8 MPH)
Bottom of the 1st over - 0 runs, 0 hits, 0 errors, 0 left on base; Calgary 0 - Americus 0
TOP OF THE 2ND
Calgary Flames batting - Pitching for Americus Braves : RHP Pu-la Yun
Batting: RHB Willie Torres 0-0: Ball
1-0: Ball
2-0: Called Strike
2-1: Ball
3-1: Foul Ball, location: 2F
3-2: Base on Balls
Batting: LHB Gary Corrales 0-0: Foul Ball, location: 2F
0-1: Ball
1-1: Called Strike
1-2: 2-RUN HOME RUN (Flyball, 89XD, EV 104.4 MPH), Distance : 418 ft
Batting: LHB Bruce Daley 0-0: Ball
1-0: Ground out 1-3 (Groundball, P, EV 63.1 MPH)
Batting: RHB Rod Johnson 0-0: Called Strike
0-1: Swinging Strike
0-2: Ball
1-2: Strikes out swinging, 2-3 out at first.
Batting: RHB Tyler Johnson 0-0: Ground out 6-3 (Groundball, 6, EV 77.5 MPH)
Top of the 2nd over - 2 runs, 1 hit, 0 errors, 0 left on base; Calgary 2 - Americus 0
BOTTOM OF THE 2ND
Americus Braves batting - Pitching for Calgary Flames : LHP Bill Hussey
Batting: RHB Yutaka Yamane 0-0: Called Strike
0-1: Ball
1-1: Swinging Strike
1-2: Fly out, F3 (Line Drive, 34D, EV 64.4 MPH)
Batting: RHB Wilson Salgado 0-0: Reached on error, E5 (Groundball, 56S, EV 71.9 MPH)
Batting: RHB James Anderson 0-0: Swinging Strike
0-1: Ball
1-1: Ball
2-1: Fly out, F3 (Popup, 34S, EV 86.9 MPH)
Batting: RHB Paul Holland 0-0: Ball
1-0: Foul Ball, location: 2F
1-1: Swinging Strike
1-2: Ball
2-2: Strikes out looking
Bottom of the 2nd over - 0 runs, 0 hits, 1 error, 1 left on base; Calgary 2 - Americus 0
TOP OF THE 3RD
Calgary Flames batting - Pitching for Americus Braves : RHP Pu-la Yun
Batting: RHB Elias Vences 0-0: Called Strike
0-1: Foul Ball, location: 2F
0-2: Foul Ball, location: 2F
0-2: Ball
1-2: Foul Ball, location: 2F
1-2: Foul Ball, location: 2F
1-2: Foul Ball, location: 2F
1-2: Ball
2-2: Foul Ball, location: 2F
2-2: Foul Ball, location: 2F
2-2: Ball
3-2: Foul Ball, location: 2F
3-2: Fly out, F9 (Flyball, 89M, EV 90.0 MPH)
Batting: RHB Norinaga Yamakawakamatsu 0-0: Fly out, F8 (Flyball, 8LS, EV 70.0 MPH)
Batting: RHB Victor Contreras 0-0: Ball
1-0: Ball
2-0: Called Strike
2-1: Called Strike
2-2: DOUBLE (Line Drive, 89D, EV 107.5 MPH)
Batting: SHB Yu-hsui Lew 0-0: Called Strike
0-1: Foul Ball, location: 2F
0-2: Strikes out swinging
Top of the 3rd over - 0 runs, 1 hit, 0 errors, 1 left on base; Calgary 2 - Americus 0
BOTTOM OF THE 3RD
Americus Braves batting - Pitching for Calgary Flames : LHP Bill Hussey
Batting: RHB Bart Stevensdick 0-0: Swinging Strike
0-1: Foul Ball, location: 2F
0-2: Strikes out swinging
Batting: RHB Aaron Sartini 0-0: Ball
1-0: Ground out 3-1 (Groundball, 34, EV 107.5 MPH)
Batting: RHB Alex Guerra 0-0: Swinging Strike
0-1: SINGLE (Flyball, 5D, EV 96.2 MPH)
Batting: LHB Ivan Castillo 0-0: Called Strike
0-1: Fly out, F9 (Flyball, 89S, EV 78.8 MPH)
Bottom of the 3rd over - 0 runs, 1 hit, 0 errors, 1 left on base; Calgary 2 - Americus 0
TOP OF THE 4TH
Calgary Flames batting - Pitching for Americus Braves : RHP Pu-la Yun
Batting: RHB Willie Torres 0-0: Foul Ball, location: 2F
0-1: Swinging Strike
0-2: Strikes out swinging
Batting: LHB Gary Corrales 0-0: Ball
1-0: Foul Ball, location: 2F
1-1: Ground out 4-3 (Groundball, 34, EV 85.0 MPH)
Batting: LHB Bruce Daley 0-0: Ball
1-0: SINGLE (Groundball, 3D, EV 102.5 MPH)
Batting: RHB Rod Johnson 0-0: Ball
1-0: Ball
2-0: Swinging Strike
2-1: Foul Ball, location: 2F
2-2: Ground out 5-3 (Groundball, 56S, EV 87.5 MPH)
Top of the 4th over - 0 runs, 1 hit, 0 errors, 1 left on base; Calgary 2 - Americus 0
BOTTOM OF THE 4TH
Americus Braves batting - Pitching for Calgary Flames : LHP Bill Hussey
Batting: RHB Ricardo Joya 0-0: Called Strike
0-1: Foul Ball, location: 2F
0-2: Ball
1-2: Ball
2-2: Foul Ball, location: 2F
2-2: SINGLE (Line Drive, 89S, EV 89.4 MPH)
Batting: RHB Yutaka Yamane 0-0: Fly out, F9 (Line Drive, 9D, EV 98.8 MPH)
Batting: RHB Wilson Salgado 0-0: Grounds into double play, 4-6-3 (Groundball, 4, EV 88.1 MPH)
Bottom of the 4th over - 0 runs, 1 hit, 0 errors, 0 left on base; Calgary 2 - Americus 0
TOP OF THE 5TH
Calgary Flames batting - Pitching for Americus Braves : RHP Pu-la Yun
Batting: RHB Tyler Johnson 0-0: Ball
1-0: Called Strike
1-1: Foul Ball, location: 2F
1-2: Ball
2-2: Strikes out swinging
Batting: RHB Elias Vences 0-0: Called Strike
0-1: Swinging Strike
0-2: Ball
1-2: Foul Ball, location: 2F
1-2: Ball
2-2: Foul Ball, location: 2F
2-2: Foul Ball, location: 2F
2-2: Foul Ball, location: 2F
2-2: Ball
3-2: Foul Ball, location: 2F
3-2: Base on Balls
Batting: RHB Norinaga Yamakawakamatsu 0-0: Grounds into double play, 4-6-3 (Groundball, 4, EV 82.5 MPH)
Top of the 5th over - 0 runs, 0 hits, 0 errors, 0 left on base; Calgary 2 - Americus 0
BOTTOM OF THE 5TH
Americus Braves batting - Pitching for Calgary Flames : LHP Bill Hussey
Batting: RHB James Anderson 0-0: Ball
1-0: Ground out U3 (Groundball, 23, EV 80.0 MPH)
Batting: RHB Paul Holland 0-0: Called Strike
0-1: Foul Ball, location: 2F
0-2: Foul Ball, location: 2F
0-2: Strikes out looking
Batting: RHB Bart Stevensdick 0-0: Ball
1-0: Ball
2-0: Ball
3-0: Called Strike
3-1: Ground out 6-3 (Groundball, 56, EV 85.0 MPH)
Bottom of the 5th over - 0 runs, 0 hits, 0 errors, 0 left on base; Calgary 2 - Americus 0
TOP OF THE 6TH
Calgary Flames batting - Pitching for Americus Braves : RHP Pu-la Yun
Batting: RHB Victor Contreras 0-0: SINGLE (Line Drive, 56D, EV 99.4 MPH)
Batting: SHB Yu-hsui Lew 0-0: Fielders Choice at 2nd, 3-6 (Groundball, 3, EV 93.1 MPH)
Batting: RHB Willie Torres 0-0: Hit by Pitch
Yu-hsui Lew to second
Batting: LHB Gary Corrales 0-0: Grounds into double play, 4-6-3 (Groundball, 4, EV 87.5 MPH)
Top of the 6th over - 0 runs, 1 hit, 0 errors, 1 left on base; Calgary 2 - Americus 0
BOTTOM OF THE 6TH
Americus Braves batting - Pitching for Calgary Flames : LHP Bill Hussey
Batting: RHB Aaron Sartini 0-0: Swinging Strike
0-1: Ball
1-1: Swinging Strike
1-2: Ball
2-2: Ball
3-2: Foul Ball, location: 2F
3-2: Strikes out swinging
Batting: RHB Alex Guerra 0-0: Called Strike
0-1: Foul Ball, location: 2F
0-2: Strikes out swinging
Batting: LHB Ivan Castillo 0-0: Ball
1-0: Called Strike
1-1: Ball
2-1: Ground out 4-3 (Groundball, 4M, EV 84.4 MPH)
Bottom of the 6th over - 0 runs, 0 hits, 0 errors, 0 left on base; Calgary 2 - Americus 0
TOP OF THE 7TH
Calgary Flames batting - Pitching for Americus Braves : RHP Pu-la Yun
Batting: LHB Bruce Daley 0-0: Called Strike
0-1: Swinging Strike
0-2: Ball
1-2: Strikes out swinging
Batting: RHB Rod Johnson 0-0: Ground out 6-3 (Groundball, 6, EV 83.8 MPH)
Batting: RHB Tyler Johnson 0-0: Called Strike
0-1: Foul Ball, location: 2F
0-2: Foul Ball, location: 2F
0-2: Ball
1-2: Ball
2-2: Foul Ball, location: 2F
2-2: Foul Ball, location: 2F
2-2: Ground out 6-3 (Groundball, 6, EV 103.1 MPH)
Top of the 7th over - 0 runs, 0 hits, 0 errors, 0 left on base; Calgary 2 - Americus 0
BOTTOM OF THE 7TH
Americus Braves batting - Pitching for Calgary Flames : LHP Bill Hussey
Batting: RHB Ricardo Joya 0-0: Called Strike
0-1: Ball
1-1: Swinging Strike
1-2: Strikes out swinging
Batting: RHB Yutaka Yamane 0-0: Called Strike
0-1: Foul Ball, location: 2F
0-2: Strikes out looking
Batting: RHB Wilson Salgado 0-0: Called Strike
0-1: Ball
1-1: Foul Ball, location: 2F
1-2: Foul Ball, location: 2F
1-2: Foul Ball, location: 2F
1-2: SINGLE (Flyball, 6MD, EV 83.8 MPH)
Batting: RHB Carlos Livas 0-0: Called Strike
0-1: Ball
Wilson Salgado is caught stealing 2nd base 2-4
Bottom of the 7th over - 0 runs, 1 hit, 0 errors, 0 left on base; Calgary 2 - Americus 0
TOP OF THE 8TH
Calgary Flames batting - Pitching for Americus Braves : RHP Pu-la Yun
Batting: RHB Elias Vences 0-0: Foul Ball, location: 2F
0-1: Ball
1-1: Foul Ball, location: 2F
1-2: SINGLE (Flyball, 3D, EV 90.0 MPH)
Batting: RHB Norinaga Yamakawakamatsu 0-0: Ball
Elias Vences steals 2nd base
1-0: Foul Ball, location: 2F
1-1: Foul Ball, location: 2F
1-2: Foul Ball, location: 2F
1-2: Ground out 6-3 (Groundball, 6M, EV 86.9 MPH)
Elias Vences to third
Batting: RHB Victor Contreras 0-0: Intentional Walk
Pitching: RHP Walt Bunney
Batting: SHB Yu-hsui Lew 0-0: Called Strike
0-1: Swinging Strike
0-2: Strikes out swinging
Batting: RHB Mick Vaught 0-0: Swinging Strike
0-1: Swinging Strike
0-2: Ball
1-2: Reached on error, E6 (Groundball, 6, EV 91.2 MPH)
Elias Vences scores
Victor Contreras to second
Batting: LHB Gary Corrales 0-0: Ball
1-0: Ball
Wild Pitch!
Victor Contreras to third
Mick Vaught to second
2-0: Called Strike
2-1: Fly out, F9 (Flyball, 9D, EV 108.8 MPH)
Top of the 8th over - 1 run, 1 hit, 1 error, 2 left on base; Calgary 3 - Americus 0
BOTTOM OF THE 8TH
Americus Braves batting - Pitching for Calgary Flames : LHP Bill Hussey
Batting: RHB Carlos Livas 0-0: Ball
1-0: Called Strike
1-1: Ball
2-1: Called Strike
2-2: Foul Ball, location: 2F
2-2: Ball
3-2: Strikes out looking
Pitching: RHP Brice MacKenzie
Batting: RHB Paul Holland 0-0: Ball
1-0: Fly out, F8 (Line Drive, 8RD, EV 92.5 MPH)
Pinch Hitting: LHB Roger Shearing 0-0: Ball
1-0: Fly out, F8 (Flyball, 78M, EV 85.6 MPH)
Bottom of the 8th over - 0 runs, 0 hits, 0 errors, 0 left on base; Calgary 3 - Americus 0
TOP OF THE 9TH
Calgary Flames batting - Pitching for Americus Braves : RHP Walt Bunney
Now at 1B: Juan Barela
Now at 2B: Paul Holland
Batting: LHB Bruce Daley 0-0: Foul Ball, location: 2F
0-1: Ball
1-1: Ball
2-1: Foul Ball, location: 2F
2-2: Foul Ball, location: 2F
2-2: Ground out 5-3 (Groundball, 5, EV 103.8 MPH)
Batting: RHB Rod Johnson 0-0: Called Strike
0-1: Ball
1-1: Ball
2-1: Ball
3-1: SINGLE (Line Drive, 5L, EV 98.8 MPH)
Batting: RHB Tyler Johnson 0-0: Ball
1-0: Called Strike
1-1: Fielders Choice at 2nd, 1-4 (Groundball, P, EV 73.8 MPH)
Batting: RHB Elias Vences 0-0: Called Strike
0-1: Foul Ball, location: 2F
0-2: Ball
1-2: Strikes out swinging
Top of the 9th over - 0 runs, 1 hit, 0 errors, 1 left on base; Calgary 3 - Americus 0
BOTTOM OF THE 9TH
Americus Braves batting - Pitching for Calgary Flames : RHP Brice MacKenzie
Pitching: LHP Trevor Lewis
Pinch Hitting: RHB Roberto Rios 0-0: Called Strike
0-1: SINGLE (Line Drive, 4D, EV 95.6 MPH)
Batting: RHB Alex Guerra 0-0: Ball
1-0: Swinging Strike
1-1: Swinging Strike
1-2: Foul Ball, location: 2F
1-2: Ball
2-2: Ball
3-2: Ground out U3 (Groundball, 3, EV 81.2 MPH)
Roberto Rios to second
Batting: LHB Ivan Castillo 0-0: Ball
1-0: Ball
2-0: Foul Ball, location: 2F
2-1: Called Strike
2-2: Foul Ball, location: 2F
2-2: Ball
3-2: Foul Ball, location: 2F
3-2: Foul Ball, location: 2F
3-2: Strikes out swinging
Batting: RHB Ricardo Joya 0-0: Ball
1-0: Ball
2-0: Fly out, F9 (Flyball, 9S, EV 83.1 MPH)
Bottom of the 9th over - 0 runs, 1 hit, 0 errors, 1 left on base; Calgary 3 - Americus 0
Thursday, December 15th , 2022 - OOTP Baseball 23.9 Build 102